caesar, neutral male gnomish Wizard -------- -------- |......| |.....>| |...*...# ---------- #h@...).|####.......|# |.........###### #------.-# ----.---# |........| ## #### # # |.........######## # # # ### # |........| # ### # # |....<...-### ------ # # ### # --.------- # |....| # ### # # ### |....-### -----+-----# ### # # |.>..| # |.........|# - -----.-- ## ###|....| ### |.........|# |........| #------- #.....| # |..........# |........| #|.[[.[| ------ ##-.........| |........| #-.[[[[| |.........| |........| |.[[[[| ----------- ---------- ------- caesar the Evoker Experience level: 1 Strength: 10 Dexterity: 12 Constitution: 12 Intelligence: 19 Wisdom: 10 Charisma: 14 Health: 0(11) Energy: 7(7) Def: 1 Gold: 569 Moves: 989 Dungeon seed: SIJGqb-wehG3wNNP Game ID: caesar_1550859283 Your Inventory: Coins $ - 569 gold pieces Weapons a - a blessed +1 quarterstaff (weapon in hands) Armor e - an uncursed +0 cloak of magic resistance (being worn) q - an uncursed +0 orcish helm Comestibles r - an uncursed food ration Scrolls h - 2 uncursed scrolls of punishment i - an uncursed scroll of teleportation j - an uncursed scroll of remove curse m - an uncursed scroll of confuse monster n - an uncursed scroll of magic mapping Spellbooks k - a blessed spellbook of force bolt l - an uncursed spellbook of stone to flesh Potions f - an uncursed potion of extra healing g - 2 uncursed potions of paralysis p - an uncursed potion of sleeping s - an uncursed potion of oil Rings c - an uncursed ring of teleportation d - a blessed +2 ring of adornment (on left hand) Wands b - a wand of cold (0:5) Spells and supernatural/magical abilities: Name Level Category Fail Memory a - force bolt 1 attack 0% 96% S - stone to flesh 3 healing 85% 96% W - pray for help -- divine ? -- Your skills at the end: Fighting Skills Weapon Skills quarterstaff [Basic] Spellcasting Skills attack spells [Basic] enchantment spells [Basic] Final Attributes: You were aligned. You were magic-protected. You had infravision. You were adorned. You are dead. Vanquished creatures: a giant rat 3 jackals a goblin a lichen a kobold zombie 4 newts 11 creatures vanquished. Voluntary challenges: You were an atheist. You used a wielded weapon 4 times, starting on turn 180. You were illiterate. You never genocided any monsters. You never polymorphed an object. You never changed form. You used no wishes. You never split a pudding. You never wrote Elbereth's name. You never violated your personal moral code. Dungeon overview: The Dungeons of Doom: levels 1 to 4 Level 1 (vaulted) a fountain a long staircase Level 2 an armor shop, a fountain Level 3 <- You were here an armor shop stairs to The Gnomish Mines Level 4 The Gnomish Mines: Level 4 stairs to The Dungeons of Doom History has recorded: On T:1 you entered the Dungeons of Doom to retrieve the Amulet of Yendor! On T:304 you reached level 2 of The Dungeons of Doom. On T:640 you reached level 3 of The Dungeons of Doom. On T:773 you reached level 4 of The Dungeons of Doom. On T:867 you reached level 1 of The Gnomish Mines. Score breakdown: Gold: 569 ( 9374 points) Experience: 1 level ( 0 points) Exploration: 4 levels ( 7.69%) ( 7276 points) Discoveries: 0 items ( 0.00%) ( 0 points) Valuables value: (no points given unless you survive) Artifact value: 0 ( 0 points) Variety of kills: 6 monsters ( 1.57%) ( 3764 points) Turncount: 989 turns ( 0 points) Survival: died (score multiplied by 80%) Total score: 16331 Latest messages: You see here a plate mail (600 zorkmids). (2x) You stop. Kitty is in the way! You see here a plate mail (600 zorkmids). You see here a studded leather armor (15 zorkmids). You displace kitty. You are beginning to feel hungry. Blecch! Rotten food! The world spins and goes dark. You come to. You resume your meal. You finish eating the food ration. That satiated your stomach! You finish eating the food ration. The hobbit throws a runed dagger! You are hit by a runed dagger. The hobbit wields an axe! The hobbit swings her axe. The hobbit hits! You die... Final status: Goodbye caesar the Wizard, killed by a hobbit... You died in The Dungeons of Doom on dungeon level 3 with 16331 points, and 569 pieces of gold, after 989 moves. You were level 1 with a maximum of 11 hit points when you died.